TOP OF THE 1ST |
El Paso Chihuahuas batting - Pitching for Colorado Springs Sky Sox : RHP Edward Cadenhead
|
Pitching: RHP Edward Cadenhead
|
|
Batting: RHB Itsuo Yoshioka
|
0-0: Foul Ball, location: 2F 0-1: Ball 1-1: Ball 2-1: Foul Ball, location: 2F 2-2: Foul Ball, location: 2F 2-2: Ball 3-2: Fly out, F9 (Flyball, 9S, EV 96.9 MPH)
|
Batting: RHB Danny Bunn
|
0-0: Called Strike 0-1: Ground out 4-3 (Groundball, 4M, EV 100.6 MPH)
|
Batting: RHB Kiril Emeshin
|
0-0: Ball 1-0: Ball 2-0: Foul Ball, location: 2F 2-1: Ball 3-1: Ground out 3-1 (Groundball, 34S, EV 87.5 MPH)
|
Top of the 1st over - 0 runs, 0 hits, 0 errors, 0 left on base; El Paso 0 - Colorado Springs 0 |
BOTTOM OF THE 1ST |
Colorado Springs Sky Sox batting - Pitching for El Paso Chihuahuas : RHP Sean Rice
|
Pitching: RHP Sean Rice
|
|
Batting: RHB Orlando Fernandez
|
0-0: Fly out, F9 (Flyball, 89M, EV 91.2 MPH)
|
Batting: LHB Tony Ponce
|
0-0: Ball 1-0: Ball 2-0: Reached on error, E8 (Flyball, 78D, EV 102.5 MPH)
|
Batting: LHB Matt Steinke
|
0-0: Swinging Strike 0-1: Ball 1-1: Swinging Strike 1-2: Ground out 6-3 (Groundball, 56D, EV 103.1 MPH)
|
Batting: LHB Koson Hirai
|
0-0: Called Strike 0-1: Foul Ball, location: 2F 0-2: Fly out, F9 (Line Drive, 89M, EV 94.4 MPH)
|
Bottom of the 1st over - 0 runs, 0 hits, 1 error, 1 left on base; El Paso 0 - Colorado Springs 0 |
TOP OF THE 2ND |
El Paso Chihuahuas batting - Pitching for Colorado Springs Sky Sox : RHP Edward Cadenhead
|
Batting: RHB Rodolfo Rivera
|
0-0: Called Strike 0-1: Ground out 6-3 (Groundball, 6, EV 76.2 MPH)
|
Batting: SHB Troy Maynard
|
0-0: Ball 1-0: Ball 2-0: Ball 3-0: Base on Balls
|
Batting: LHB Joseph Martin
|
0-0: Swinging Strike 0-1: Foul Ball, location: 2F 0-2: Ball 1-2: Ball 2-2: Foul Ball, location: 2F 2-2: Foul Ball, location: 2F 2-2: Foul Ball, location: 2F 2-2: Ball 3-2: SINGLE (Groundball, 6MD, EV 101.2 MPH) Troy Maynard to second
|
Batting: SHB Jamie Roberts
|
0-0: Fly out, F8 (Flyball, 78M, EV 90.6 MPH)
|
Batting: LHB Doug Barr
|
0-0: Called Strike 0-1: Fielders Choice at 2nd, 5-4 (Groundball, 56, EV 91.9 MPH)
|
Top of the 2nd over - 0 runs, 1 hit, 0 errors, 2 left on base; El Paso 0 - Colorado Springs 0 |
BOTTOM OF THE 2ND |
Colorado Springs Sky Sox batting - Pitching for El Paso Chihuahuas : RHP Sean Rice
|
Batting: LHB Ryan Rodgers
|
0-0: Hit by Pitch
|
Batting: RHB George Lundy
|
0-0: Ball 1-0: Swinging Strike 1-1: Foul Ball, location: 2F 1-2: Foul Ball, location: 2F 1-2: Strikes out swinging
|
Batting: RHB Fu-Kang Duan
|
0-0: Ball 1-0: Foul Ball, location: 2F 1-1: Ball 2-1: SINGLE (Groundball, 56D, EV 99.4 MPH) Ryan Rodgers to second
|
Batting: RHB Dwane Reed
|
0-0: Foul Ball, location: 2F 0-1: Ball 1-1: Foul Ball, location: 2F 1-2: Fly out, F8 (Flyball, 8LXD, EV 98.1 MPH) Runner from 2nd tags up, SAFE at 3rd, no throw by CF
|
Batting: RHB Craig Gomez
|
0-0: Ball 1-0: Ball 2-0: Foul Ball, location: 2F 2-1: Ball 3-1: Called Strike 3-2: Foul Ball, location: 2F 3-2: Foul Ball, location: 2F 3-2: Base on Balls Fu-Kang Duan to second
|
Batting: RHB Orlando Fernandez
|
0-0: Foul Ball, location: 2F 0-1: Swinging Strike 0-2: Ball 1-2: Ball Wild Pitch! Ryan Rodgers scores Fu-Kang Duan to third Craig Gomez to second 2-2: Ball 3-2: Foul Ball, location: 2F 3-2: Foul Ball, location: 2F 3-2: Base on Balls
|
Batting: LHB Tony Ponce
|
0-0: Ball 1-0: SINGLE (Line Drive, 9S, EV 92.5 MPH) Fu-Kang Duan scores Craig Gomez to third Orlando Fernandez to second Runner from 3rd tries for Home, SAFE, throw by RF to home
|
Batting: LHB Matt Steinke
|
0-0: Ball 1-0: DOUBLE (Flyball, 78D, EV 110.6 MPH) Orlando Fernandez scores Tony Ponce to third Runner from 3rd tries for Home, SAFE, throw by LF to trailing runner, SAFE at third!
|
Batting: LHB Koson Hirai
|
0-0: Swinging Strike 0-1: Foul Ball, location: 2F 0-2: Foul Ball, location: 2F 0-2: Ball 1-2: Ball 2-2: Foul Ball, location: 2F 2-2: SINGLE (Groundball, 3D, EV 108.1 MPH) Matt Steinke scores
|
Pitching: RHP Geoff McDaniel
|
|
Batting: LHB Ryan Rodgers
|
0-0: Called Strike Koson Hirai steals 2nd base 0-1: Ball 1-1: Ball 2-1: Foul Ball, location: 2F 2-2: SINGLE (Groundball, 4D, EV 105.0 MPH) Koson Hirai to third Runner from 3rd tries for Home, SAFE, throw by CF to home Ryan Rodgers to second
|
Batting: RHB George Lundy
|
0-0: Called Strike 0-1: Ball 1-1: Ball 2-1: Foul Ball, location: 2F 2-2: Foul Ball, location: 2F 2-2: SINGLE (Flyball, 56D, EV 88.8 MPH) Ryan Rodgers to third Runner from 3rd tries for Home, SAFE, throw by LF to home
|
Batting: RHB Fu-Kang Duan
|
0-0: Ball 1-0: Called Strike 1-1: Ball 2-1: Ball 3-1: Fielders Choice at 2nd, 6-4 (Groundball, 6, EV 91.2 MPH)
|
Bottom of the 2nd over - 8 runs, 6 hits, 0 errors, 1 left on base; El Paso 0 - Colorado Springs 8 |
TOP OF THE 3RD |
El Paso Chihuahuas batting - Pitching for Colorado Springs Sky Sox : RHP Edward Cadenhead
|
Batting: RHB Tim Seggerman
|
0-0: Ball 1-0: Foul Ball, location: 2F 1-1: Ball 2-1: Foul Ball, location: 2F 2-2: Ground out 5-3 (Groundball, 5, EV 86.9 MPH)
|
Batting: RHB Itsuo Yoshioka
|
0-0: Foul Ball, location: 2F 0-1: Ball 1-1: Ball 2-1: Foul Ball, location: 2F 2-2: Foul Ball, location: 2F 2-2: Ball 3-2: Ground out 3-1 (Groundball, 34S, EV 90.0 MPH)
|
Batting: RHB Danny Bunn
|
0-0: Ball 1-0: SINGLE (Groundball, 56D, EV 100.6 MPH)
|
Batting: RHB Kiril Emeshin
|
0-0: Ball 1-0: Ball 2-0: Called Strike 2-1: SINGLE (Line Drive, 34D, EV 100.0 MPH) Danny Bunn to second
|
Batting: RHB Rodolfo Rivera
|
0-0: Ball 1-0: Called Strike 1-1: Ground out 6-3 (Groundball, 6S, EV 80.6 MPH)
|
Top of the 3rd over - 0 runs, 2 hits, 0 errors, 2 left on base; El Paso 0 - Colorado Springs 8 |
BOTTOM OF THE 3RD |
Colorado Springs Sky Sox batting - Pitching for El Paso Chihuahuas : RHP Geoff McDaniel
|
Batting: RHB Dwane Reed
|
0-0: Foul Ball, location: 2F 0-1: Ball 1-1: Called Strike 1-2: Foul Ball, location: 2F 1-2: Ground out 6-3 (Groundball, 6, EV 105.6 MPH)
|
Batting: RHB Craig Gomez
|
0-0: Ground out 6-3 (Groundball, 6, EV 102.5 MPH)
|
Batting: RHB Orlando Fernandez
|
0-0: Foul Ball, location: 2F 0-1: Ball 1-1: Swinging Strike 1-2: SINGLE (Groundball, 56D, EV 108.1 MPH)
|
Batting: LHB Tony Ponce
|
0-0: Ground out 4-3 (Groundball, 4, EV 103.1 MPH)
|
Bottom of the 3rd over - 0 runs, 1 hit, 0 errors, 1 left on base; El Paso 0 - Colorado Springs 8 |
TOP OF THE 4TH |
El Paso Chihuahuas batting - Pitching for Colorado Springs Sky Sox : RHP Edward Cadenhead
|
Pitching: RHP Rusty Pinard
|
|
Batting: SHB Troy Maynard
|
0-0: Foul Ball, location: 2F 0-1: Called Strike 0-2: Ball 1-2: Ball 2-2: Foul Ball, location: 2F 2-2: Foul Ball, location: 2F 2-2: Strikes out swinging
|
Batting: LHB Joseph Martin
|
0-0: Ground out U3 (Groundball, 3, EV 92.5 MPH)
|
Batting: SHB Jamie Roberts
|
0-0: Ball 1-0: Called Strike 1-1: Ball 2-1: Ball 3-1: SINGLE (Groundball, 4D, EV 110.6 MPH)
|
Batting: LHB Doug Barr
|
0-0: Called Strike 0-1: Called Strike 0-2: Strikes out swinging
|
Top of the 4th over - 0 runs, 1 hit, 0 errors, 1 left on base; El Paso 0 - Colorado Springs 8 |
BOTTOM OF THE 4TH |
Colorado Springs Sky Sox batting - Pitching for El Paso Chihuahuas : RHP Geoff McDaniel
|
Batting: LHB Matt Steinke
|
0-0: Ball 1-0: Ground out 3-1 (Groundball, 34S, EV 81.9 MPH)
|
Batting: LHB Koson Hirai
|
0-0: Swinging Strike 0-1: Ball 1-1: Foul Ball, location: 2F 1-2: Fly out, F8 (Flyball, 8LXD, EV 87.5 MPH)
|
Batting: LHB Ryan Rodgers
|
0-0: Ball 1-0: Swinging Strike 1-1: Fly out, F9 (Line Drive, 9D, EV 106.2 MPH)
|
Bottom of the 4th over - 0 runs, 0 hits, 0 errors, 0 left on base; El Paso 0 - Colorado Springs 8 |
TOP OF THE 5TH |
El Paso Chihuahuas batting - Pitching for Colorado Springs Sky Sox : RHP Rusty Pinard
|
Batting: RHB Tim Seggerman
|
0-0: Ball 1-0: Ball 2-0: Ball 3-0: Base on Balls
|
Batting: RHB Itsuo Yoshioka
|
0-0: Ball 1-0: Grounds into double play, 6-4-3 (Groundball, 6, EV 108.1 MPH)
|
Batting: RHB Danny Bunn
|
0-0: Called Strike 0-1: Swinging Strike 0-2: Fly out, F8 (Line Drive, 78D, EV 96.9 MPH)
|
Top of the 5th over - 0 runs, 0 hits, 0 errors, 0 left on base; El Paso 0 - Colorado Springs 8 |
BOTTOM OF THE 5TH |
Colorado Springs Sky Sox batting - Pitching for El Paso Chihuahuas : RHP Geoff McDaniel
|
Batting: RHB George Lundy
|
0-0: Foul Ball, location: 2F 0-1: Called Strike 0-2: Ball 1-2: Ball 2-2: Ball 3-2: Fly out, F8 (Flyball, 8RD, EV 86.9 MPH)
|
Batting: RHB Fu-Kang Duan
|
0-0: Ball 1-0: Called Strike 1-1: Ball 2-1: Swinging Strike 2-2: Strikes out swinging
|
Batting: RHB Dwane Reed
|
0-0: Called Strike 0-1: Called Strike 0-2: Strikes out swinging
|
Bottom of the 5th over - 0 runs, 0 hits, 0 errors, 0 left on base; El Paso 0 - Colorado Springs 8 |
TOP OF THE 6TH |
El Paso Chihuahuas batting - Pitching for Colorado Springs Sky Sox : RHP Rusty Pinard
|
Batting: RHB Kiril Emeshin
|
0-0: Called Strike 0-1: Ball 1-1: Foul Ball, location: 2F 1-2: Ball 2-2: Reached on error, E2 (Groundball, 13S, EV 65.6 MPH)
|
Batting: RHB Rodolfo Rivera
|
0-0: Ball 1-0: Ball 2-0: Swinging Strike 2-1: Foul Ball, location: 2F 2-2: Foul Ball, location: 2F 2-2: Ground out 4-3 (Groundball, 4S, EV 85.6 MPH) Kiril Emeshin to third
|
Batting: SHB Troy Maynard
|
0-0: Ball 1-0: Ball 2-0: Foul Ball, location: 2F 2-1: Swinging Strike 2-2: SINGLE (Groundball, 4MD, EV 108.8 MPH) Kiril Emeshin scores
|
Batting: LHB Joseph Martin
|
0-0: Ball 1-0: Called Strike 1-1: Called Strike 1-2: Strikes out swinging
|
Batting: SHB Jamie Roberts
|
0-0: Swinging Strike 0-1: Ball 1-1: Foul Ball, location: 2F 1-2: Ball 2-2: Ground out 4-3 (Groundball, 4, EV 100.6 MPH)
|
Top of the 6th over - 1 run, 1 hit, 1 error, 1 left on base; El Paso 1 - Colorado Springs 8 |
BOTTOM OF THE 6TH |
Colorado Springs Sky Sox batting - Pitching for El Paso Chihuahuas : RHP Geoff McDaniel
|
Batting: RHB Craig Gomez
|
0-0: Called Strike 0-1: Foul Ball, location: 2F 0-2: Fly out, F8 (Flyball, 8LXD, EV 89.4 MPH)
|
Pitching: RHP Brandon Hendrix
|
|
Batting: RHB Orlando Fernandez
|
0-0: Ball 1-0: Ball 2-0: Ball 3-0: Base on Balls
|
Batting: LHB Tony Ponce
|
0-0: Called Strike 0-1: Ball 1-1: Fly out, F6 (Popup, 6, EV 60.0 MPH)
|
Batting: LHB Matt Steinke
|
0-0: Foul Ball, location: 2F 0-1: Ground out U3 (Groundball, 3, EV 85.0 MPH)
|
Bottom of the 6th over - 0 runs, 0 hits, 0 errors, 1 left on base; El Paso 1 - Colorado Springs 8 |
TOP OF THE 7TH |
El Paso Chihuahuas batting - Pitching for Colorado Springs Sky Sox : RHP Rusty Pinard
|
Batting: LHB Doug Barr
|
0-0: Ball 1-0: Ball 2-0: Called Strike 2-1: Ball 3-1: Base on Balls
|
Pitching: RHP Curtis Gumbs
|
|
Batting: RHB Tim Seggerman
|
0-0: Foul Ball, location: 2F 0-1: Swinging Strike 0-2: Ball 1-2: Ball 2-2: Strikes out swinging
|
Batting: RHB Itsuo Yoshioka
|
0-0: Foul Ball, location: 2F 0-1: Called Strike 0-2: Ball 1-2: Strikes out looking
|
Batting: RHB Danny Bunn
|
0-0: Ball 1-0: Foul Ball, location: 2F 1-1: Ball 2-1: SINGLE (Groundball, 56D, EV 103.1 MPH) Doug Barr to second
|
Batting: RHB Kiril Emeshin
|
0-0: Foul Ball, location: 2F 0-1: Foul Ball, location: 2F 0-2: Ball 1-2: Ball 2-2: Foul Ball, location: 2F 2-2: DOUBLE (Line Drive, 7LM, EV 95.6 MPH) Doug Barr scores Danny Bunn to third
|
Batting: RHB Rodolfo Rivera
|
0-0: Called Strike 0-1: Ball 1-1: Fly out, F7 (Line Drive, 7, EV 105.6 MPH)
|
Top of the 7th over - 1 run, 2 hits, 0 errors, 2 left on base; El Paso 2 - Colorado Springs 8 |
BOTTOM OF THE 7TH |
Colorado Springs Sky Sox batting - Pitching for El Paso Chihuahuas : RHP Brandon Hendrix
|
Batting: LHB Koson Hirai
|
0-0: Ball 1-0: Swinging Strike 1-1: Ball 2-1: Called Strike 2-2: Ground out 5-3 (Groundball, 56, EV 86.2 MPH)
|
Batting: LHB Ryan Rodgers
|
0-0: Ball 1-0: Called Strike 1-1: Ball 2-1: Ball 3-1: Base on Balls
|
Batting: RHB George Lundy
|
0-0: Ball 1-0: Foul Ball, location: 2F 1-1: Ground out 3-1 (Groundball, 13, EV 83.1 MPH) Ryan Rodgers to second
|
Batting: RHB Fu-Kang Duan
|
0-0: Called Strike 0-1: Ball 1-1: Ball 2-1: Foul Ball, location: 2F 2-2: Foul Ball, location: 2F 2-2: Ball 3-2: Ground out 5-3 (Groundball, 5, EV 97.5 MPH)
|
Bottom of the 7th over - 0 runs, 0 hits, 0 errors, 1 left on base; El Paso 2 - Colorado Springs 8 |
TOP OF THE 8TH |
El Paso Chihuahuas batting - Pitching for Colorado Springs Sky Sox : RHP Curtis Gumbs
|
Batting: SHB Troy Maynard
|
0-0: Foul Ball, location: 2F 0-1: Ball 1-1: Ball 2-1: Ground out 1-3 (Groundball, 13, EV 65.6 MPH)
|
Batting: LHB Joseph Martin
|
0-0: Foul Ball, location: 2F 0-1: Ball 1-1: Ball 2-1: Foul Ball, location: 2F 2-2: Foul Ball, location: 2F 2-2: Foul Ball, location: 2F 2-2: Ground out 5-3 (Groundball, 5S, EV 68.8 MPH)
|
Batting: SHB Jamie Roberts
|
0-0: Ball 1-0: Called Strike 1-1: Swinging Strike 1-2: Foul Ball, location: 2F 1-2: Foul Ball, location: 2F 1-2: Strikes out swinging, 2-3 out at first.
|
Top of the 8th over - 0 runs, 0 hits, 0 errors, 0 left on base; El Paso 2 - Colorado Springs 8 |
BOTTOM OF THE 8TH |
Colorado Springs Sky Sox batting - Pitching for El Paso Chihuahuas : RHP Brandon Hendrix
|
Pitching: RHP Brian Mahoney
|
|
Batting: RHB Dwane Reed
|
0-0: SINGLE (Groundball, 56D, EV 106.9 MPH)
|
Batting: RHB Craig Gomez
|
0-0: SINGLE (Flyball, 4D, EV 90.6 MPH) Dwane Reed to second Runner from 2nd tries for 3rd, SAFE, throw by RF made to third
|
Batting: RHB Orlando Fernandez
|
0-0: Ball 1-0: 3-RUN HOME RUN (Flyball, 7D, EV 96.9 MPH), Distance : 377 ft
|
Pinch Hitting: RHB R.J. Anchondo
|
0-0: Called Strike 0-1: Foul Ball, location: 2F 0-2: Strikes out swinging
|
Batting: LHB Matt Steinke
|
0-0: Swinging Strike 0-1: Called Strike 0-2: Foul Ball, location: 2F 0-2: Ball 1-2: Strikes out swinging
|
Batting: LHB Koson Hirai
|
0-0: Called Strike 0-1: Called Strike 0-2: Strikes out looking
|
Bottom of the 8th over - 3 runs, 3 hits, 0 errors, 0 left on base; El Paso 2 - Colorado Springs 11 |
TOP OF THE 9TH |
El Paso Chihuahuas batting - Pitching for Colorado Springs Sky Sox : RHP Curtis Gumbs
|
Now in RF: R.J. Anchondo
|
|
Batting: LHB Doug Barr
|
0-0: Fly out, F3 (Popup, 3F, EV 80.6 MPH)
|
Batting: RHB Tim Seggerman
|
0-0: Called Strike 0-1: Ball 1-1: Ball 2-1: Called Strike 2-2: Ball 3-2: Base on Balls
|
Pitching: RHP Ronnie DeVries
|
|
Batting: RHB Itsuo Yoshioka
|
0-0: Ball 1-0: Ball 2-0: Foul Ball, location: 2F 2-1: Foul Ball, location: 2F 2-2: Foul Ball, location: 2F 2-2: Strikes out swinging
|
Batting: RHB Danny Bunn
|
0-0: Foul Ball, location: 2F 0-1: Foul Ball, location: 2F 0-2: Ball 1-2: SINGLE (Groundball, 6MD, EV 102.5 MPH) Tim Seggerman to second
|
Batting: RHB Kiril Emeshin
|
0-0: Foul Ball, location: 2F 0-1: Ball 1-1: Ground out 4-3 (Groundball, 34, EV 100.6 MPH)
|
Top of the 9th over - 0 runs, 1 hit, 0 errors, 2 left on base; El Paso 2 - Colorado Springs 11 |
|